 Dungeon Crawl Stone Soup version 0.30.1-11-g7821555f0a (webtiles) character file.

Game seed: 8955565137137627413

286 RancidPinata the Cudgeller (level 6, -6/39 HPs)
             Began as a Gargoyle Gladiator on Nov 16, 2023.
             Mangled by a gnoll
             ... wielding a +0 halberd
              (8 damage)
             ... on level 2 of the Dungeon.
             The game lasted 00:05:58 (1415 turns).

RancidPinata the Cudgeller (Gargoyle Gladiator)     Turns: 1415, Time: 00:05:59

Health: -6/39      AC: 11    Str: 19    XL:     6   Next: 30%
Magic:  6/6        EV: 11    Int:  9    God:
Gold:   105        SH:  0    Dex: 11    Spells: 5/5 levels left

rFire   . . .        a - +0 flail
rCold   . . .        (no shield)
rNeg    + . .        g - +0 ring mail
rPois   ∞            c - +0 helmet
rElec   +            (no cloak)
rCorr   .            (no gloves)
SInv    .            (no boots)
Will    .....        (no amulet)
Stlth   +            (no ring)
HPRegen 0.26/turn    (no ring)
MPRegen 0.10/turn

%: no passive effects
@: no status effects
A: sickness immunity, AC +4, negative energy resistance 1, electricity
resistance, torment resistance 1, petrification resistance
a: no special abilities


You were on level 2 of the Dungeon.
You visited 1 branch of the dungeon, and saw 4 of its levels.

You collected 105 gold pieces.

Inventory:

Hand Weapons
 a - a +0 flail (weapon)
Missiles
 b - 11 poisoned darts
 d - 2 throwing nets (quivered)
 e - a javelin
 h - 15 stones
Armour
 c - a +0 helmet (worn)
 g - a +0 ring mail (worn)
Jewellery
 i - a ring of fire
 k - a +6 ring of intelligence
Scrolls
 n - 7 scrolls of identify {unknown}
 q - a scroll of immolation {unknown}
Potions
 f - a potion of mutation {unknown}
 j - a potion of curing
 l - 3 potions of haste {unknown}
 m - 2 potions of heal wounds
 o - 2 potions of resistance {unknown}
 p - a potion of degeneration {unknown}


   Skills:
 * Level 4.5 Fighting
 * Level 4.6 Maces & Flails
 + Level 2.8 Throwing
 + Level 2.2 Armour
 - Level 2.4 Dodging


You had 5 spell levels left.
You didn't know any spells.
Your spell library contained the following spells:

 Spells                   Type           Power      Damage    Failure   Level
 Ozocubu's Armour         Ice            0%         N/A       90%         3
 Ozocubu's Refrigeration  Ice            0%         4d7       100%        7


Dungeon Overview and Level Annotations

Branches:
Dungeon (4/15)
 Temple: D:4-7

Altars:


Innate Abilities, Weirdness & Mutations

You are immune to sickness and miasma.
Your stone body is resilient. (AC +4)
You are immune to poison.
You resist negative energy. (rN+)
You are resistant to electric shocks. (rElec)
You are resistant to unholy torment.
You are immune to petrification.


Message History

a +0 club; a kobold corpse You start resting.
HP restored.
Found a stone staircase leading down.
There is a stone staircase leading down here.
There is a stone staircase leading down here.
A gnoll comes into view. It is wielding a +0 spear.
The gnoll shouts!
A gnoll comes into view. It is wielding a +0 flail.
The gnoll misses you.
You hit the gnoll.
The gnoll is heavily wounded.
The gnoll closely misses you.
You sock the gnoll!
You kill the gnoll!
You barely miss the gnoll. The gnoll hits you with a +0 flail.
You hit the gnoll.
The gnoll is lightly wounded.
A gnoll comes into view. It is wielding a +0 halberd.
The gnoll closely misses you. The gnoll hits you with a +0 flail!
You closely miss the gnoll.
The gnoll is lightly wounded.
The gnoll shouts!
The gnoll hits you with a +0 flail.
You closely miss the gnoll.
The gnoll is lightly wounded.
The gnoll hits you with a +0 flail.
You closely miss the gnoll.
The gnoll is lightly wounded.
The gnoll barely misses you. The gnoll hits you but does no damage.
You closely miss the gnoll.
The gnoll is lightly wounded.
The gnoll hits you from afar with a +0 halberd!
* * * LOW HITPOINT WARNING * * *
The gnoll hits you with a +0 flail!
* * * LOW HITPOINT WARNING * * *
You hit the gnoll.
The gnoll is heavily wounded.
The gnoll hits you from afar with a +0 halberd!
You die...

#..########.#..
#>..........#..
#.###########.. #.#
##.. #.# #... #.# #...
#.# #<..
#########.###### #.##
#...gg@.......[# #.#
##.#######.###.#####)##
#......^......
###.#.####...#
#.#.........
#.#......#..
#.#......##.
#.#.#....##.
..#.#.....#.


You could see 2 gnolls.

Vanquished Creatures
  Sigmund (D:3)
  A hound (D:2)
  2 gnolls (D:2)
  3 adders
  An ufetubus (D:3)
  2 worms
  3 dart slugs
  An orc (D:3)
  3 ball pythons (D:2)
  4 bats
  4 endoplasms
  2 giant cockroaches
  5 goblins
  2 hobgoblins (D:2)
  A quokka (D:2)
  2 frilled lizards (D:2)
  6 kobolds
  5 rats
48 creatures vanquished.

Notes
Turn   | Place    | Note
-------+----------+-------------------------------------------
     0 | D:1      | RancidPinata the Gargoyle Gladiator began the quest for the
                  | Orb.
     0 | D:1      | Reached XP level 1. HP: 12/12 MP: 1/1
   215 | D:2      | Reached XP level 2. HP: 13/18 MP: 2/2
   493 | D:2      | Reached XP level 3. HP: 22/22 MP: 3/3
   505 | D:2      | Reached skill level 1 in Armour
   621 | D:2      | Reached XP level 4. HP: 24/28 MP: 4/4
  1008 | D:4      | Noticed an ogre
  1108 | D:3      | Reached XP level 5. HP: 32/33 MP: 5/5
  1121 | D:3      | Noticed Sigmund
  1160 | D:3      | Killed Sigmund
  1161 | D:3      | Reached XP level 6. HP: 39/39 MP: 6/6
  1415 | D:2      | Mangled by a gnoll

Illustrated notes

Levels and vault maps discovered:
D:1:      saegor_arrival_simple_b, layout_basic, serial_glass, glass_columns_c,
          glass_columns_a, glass_columns_b, glass_columns_c, glass_columns_a
D:2:      minmay_recursive_quarters, layout_basic
D:3:      minmay_chambers_of_twos, layout_basic, nicolae_tso_carved_into_rock,
          uniq_sigmund
D:4:      layout_loops_ring, minmay_temple_entry_purple_smoke,
          ebering_ghost_inner_flame, serial_rivers,
          chequers_serial_rivers_micro_a, chequers_serial_rivers_small_3,
          chequers_serial_rivers_small_a, chequers_serial_rivers_room_a,
          chequers_serial_rivers_micro_a, chequers_serial_rivers_marsh,
          minmay_misc_feat_columns

Skill      XL: |  1  2  3  4  5 |
---------------+----------------+-----
Throwing       | 2 |  2.8
Fighting       | 3 4 |  4.5
Armour         | 1 2 |  2.2
Maces & Flails | 4 |  4.6
Dodging        | |  2.4

Action                     |  1- 3 |  4- 6 || total
---------------------------+-------+-------++-------
  Melee: Flail             |    77 |    94 ||   171
  Throw: Throwing net      |       |     2 ||     2
    Use: Potion            |       |     2 ||     2
 Armour: Ring mail         |    37 |    38 ||    75
  Dodge: Dodged            |    57 |    54 ||   111
